[Event "*** Titled Tuesday Blitz"]
[Site "Chess.com"]
[Date "2020.04.14"]
[Round "5"]
[White "UCantHandleDenker"]
[Black "Fins0905"]
[Result "0-1"]
[WhiteElo "2574"]
[BlackElo "2747"]
[TimeControl "180+1"]
[EndTime "10:50:21 PDT"]
[Termination "Fins0905 won by resignation"]

1. Nf3 d5 2. g3 c6 3. Bg2 Bg4 4. O-O Nd7 5. d3 e5 6. Nbd2 Ngf6 7. h3 Bh5 8. e4 dxe4 9. dxe4 Be7 10. Qe1 O-O 11.
Nc4 Qc7 12. a4 b5 13. Na5 a6 14. b4 Rfe8 15. c4 c5 16. Bb2 cxb4 17. g4 Bg6 18.
axb5 axb5 19. g5 Nh5 20. cxb5 Rxa5 21. Rc1 Qb8 22. Qd1 Rd8 23. Qb3 Rxb5 24. Rfd1 Nf4 25. Bf1 Rb7 26. Nh4 Bxg5 27. Nxg6 hxg6 28. Bc4 Nc5 29. Qg3 Bf6 30. h4 Rbd7 31. Re1 Ncd3 32. Bxd3 Nxd3 33. Qg4 0-1

[Event "*** Titled Tuesday Blitz"]
[Site "Chess.com"]
[Date "2020.04.14"]
[Round "5"]
[White "Msb2"]
[Black "RitvarsReimanis"]
[Result "1-0"]
[WhiteElo "2898"]
[BlackElo "2582"]
[TimeControl "180+1"]
[EndTime "10:50:21 PDT"]
[Termination "Msb2 won by resignation"]

1. d4 Nf6 2. Nf3 e6 3. Bf4 d5 4. e3 Bd6 5. Ne5 c5 6. Bb5+ Kf8 7. Be2 Nc6 8. c3 Qc7 9. Nxc6 bxc6 10. Bg3 Bxg3 11. hxg3 Rb8 12. Qc2 c4 13. Nd2 e5 14.
b3 exd4 15. cxd4 cxb3 16. axb3 g6 17. Qc5+ Kg7 18. Rxa7 Rb7 19. Rxb7 Qxb7 20. O-O h5 21. Ra1 Nd7 22. Qe7 Rf8 23. Rc1 Qb6 24. Qd6 Nb8 25. b4 Re8 26. b5 Re6 27. Qc5 cxb5 28. Qxb6 Rxb6 29. Rxc8 b4 30. Nb3 Nd7 31. Rc7 Nf6 32. f3 Ne8 33. Rc5 Nf6 34. Kf2 g5 35. Rb5 Rc6 36.
Nc5 g4 37. Rxb4 gxf3 38. gxf3 Rc7 39. Rb7 Rc6 40. Bb5 Rc8 41. Bd3 Rc6 42. Kg2 1-0

[Event "*** Titled Tuesday Blitz"]
[Site "Chess.com"]
[Date "2020.04.14"]
[Round "5"]
[White "chiwii"]
[Black "SlavenPastar"]
[Result "0-1"]
[WhiteElo "2226"]
[BlackElo "2410"]
[TimeControl "180+1"]
[EndTime "10:50:21 PDT"]
[Termination "SlavenPastar won by resignation"]

1. e4 b6 2. d4 Bb7 3. Nc3 e6 4. Nf3 Bb4 5. Bd3 Nf6 6. Qe2 d5 7. e5 Ne4 8. Bd2 Nxd2 9. Nxd2 c5 10. dxc5 bxc5 11. O-O c4 12. Bxc4 dxc4 13. Qxc4 Bxc3 14.
Qxc3 O-O 15. Nf3 Qc8 16. Qe3 Nd7 17. c3 Bxf3 18. Qxf3 Nxe5 19. Qe4 Ng6 20. Rad1 Rb8 21. Qe2 Qb7 22. b4 Rfc8 23. Qe3 Qb6 24. Qf3 Qc6 25. Rd3 Qxf3 26. Rxf3 Rc4 27. g3 Rbc8 28. Rd1 Rxc3 29. Rd8+ Rxd8 30. Rxc3 Ne5 31. Rc7 Ra8 32. a4 Kf8 33. f4 Ng6 34. a5 Ne7 35. b5 Ke8 36. Kf2 Kd8 37. Rb7 h5 38. h4 g6 39.
Kf3 Ke8 40. g4 hxg4+ 41. Kxg4 Nf5 42. b6 axb6 43. axb6 Nd6 44. Ra7 Rb8 45. Ra6 Nc4 46. Kg5 Nxb6 47. h5 gxh5 48. Kxh5 Nd7 49. Kh6 Ke7 50.
Ra7 Rb5 51. Kg7 Rf5 52. Ra1 Rxf4 53. Rd1 e5 54. Re1 e4 0-1

[Event "*** Titled Tuesday Blitz"]
[Site "Chess.com"]
[Date "2020.04.14"]
[Round "5"]
[White "Vusatiuk_Vladimir"]
[Black "GreatOwl02"]
[Result "0-1"]
[WhiteElo "2359"]
[BlackElo "2225"]
[TimeControl "180+1"]
[EndTime "10:50:21 PDT"]
[Termination "GreatOwl02 won by resignation"]

1. e4 c5 2. Nf3 d6 3. d4 cxd4 4.
Qxd4 Nc6 5. Qe3 g6 6. c4 Nf6 7. Nc3 Bg7 8. Be2 O-O 9. O-O Ng4 10. Qf4 Be6 11. Rd1 Qa5 12. Nd5 Qc5 13. Ng5 Nge5 14.
Nc7 Nd4 15. Bf1 Qxc7 16. Rxd4 h6 17. Nxe6 fxe6 18. Qd2 Qc5 19. Kh1 Ng4 20. f3 Qxd4 21. Qxd4 Bxd4 22. Bd2 Nf2+ 23. Kg1 Nxe4+ 24. Kh1 Nxd2 25.
Bd3 Bxb2 26. Rd1 Bc3 27. Rc1 Ba5 28. Bxg6 Rac8 29. Bd3 d5 30. c5 Rc7 31. Re1 Rxc5 32. h4 Nxf3 33. gxf3 Bxe1 0-1

[Event "*** Titled Tuesday Blitz"]
[Site "Chess.com"]
[Date "2020.04.14"]
[Round "5"]
[White "Aygehovit1992"]
[Black "Atanejhad"]
[Result "1-0"]
[WhiteElo "2724"]
[BlackElo "2546"]
[TimeControl "180+1"]
[EndTime "10:50:22 PDT"]
[Termination "Aygehovit1992 won on time"]

1. e4 e5 2. Nf3 Nc6 3. Bb5 a6 4.
Ba4 Nf6 5. d3 b5 6. Bb3 Be7 7.
c3 d6 8. O-O O-O 9. Nbd2 Na5 10. Bc2 c5 11. Re1 Re8 12. Nf1 Bf8 13. Ng3 g6 14. a4 Bb7 15. Bg5 h6 16. Bd2 Bg7 17. axb5 axb5 18. b4 cxb4 19. cxb4 Nc6 20. Bb3 d5 21.
Rxa8 Bxa8 22. Qa1 dxe4 23. dxe4 Nd4 24. Nxd4 exd4 25. Qa2 Qd7 26. e5 Nd5 27. f4 Nc3 28.
e6 fxe6 29. Bxe6+ Rxe6 30. Qxe6+ Qxe6 31. Rxe6 Bd5 32. Rxg6 Kf7 33. Rxg7+ Kxg7 34. Nf5+ Kf6 35. Nxd4 Ne4 36. Be1 h5 37. h3 Bc4 38. g4 hxg4 39.
hxg4 Nd6 40. Kh2 Ne8 41. Kg3 Ng7 42. Bc3 Kf7 43. f5 Ne8 44. g5 Nd6 45. g6+ Ke7 46. Kf4 Bd3 47. Nc6+ Kd7 48. Ne5+ 1-0

[Event "*** Titled Tuesday Blitz"]
[Site "Chess.com"]
[Date "2020.04.14"]
[Round "5"]
[White "aakankshachess"]
[Black "wannabe2700"]
[Result "1-0"]
[WhiteElo "2454"]
[BlackElo "2648"]
[TimeControl "180+1"]
[EndTime "10:50:22 PDT"]
[Termination "aakankshachess won on time"]

1. e4 e6 2. d4 d5 3. e5 c5 4. c3 Ne7 5. Nf3 Nec6 6. a3 a5 7. Bb5 b6 8. O-O Ba6 9. a4 Be7 10. Na3 O-O 11. Bd3 Bxd3 12. Qxd3 cxd4 13. cxd4 Nb4 14.
Qe2 Qd7 15. Nb5 N8a6 16. Ng5 Rfc8 17. Qh5 Bxg5 18. Bxg5 Rc2 19. Nd6 Nc7 20. Rac1 Ne8 21.
Nxe8 Rxe8 22. Rxc2 Nxc2 23. Qd1 Qxa4 24. Be3 Rc8 25.
Qd3 Nb4 26. Qe2 Qc2 27. Qb5 Qc6 28. Qe2 Qc4 29. Qg4 Qc2 30. h3 Qg6 31. Qe2 h6 32. Qb5 Rc2 33. b3 Qd3 34. Qxb6 Nc6 35. Re1 Qc3 36.
Rf1 Qb4 37. Qc7 Nxd4 38. Qd8+ Kh7 39. Qd7 Qxb3 40. Bxd4 a4 41. Qxf7 a3 42. Qxe6 a2 43. Qf5+ Kh8 44. e6 1-0

[Event "*** Titled Tuesday Blitz"]
[Site "Chess.com"]
[Date "2020.04.14"]
[Round "5"]
[White "artooon"]
[Black "mbachez"]
[Result "0-1"]
[WhiteElo "2680"]
[BlackElo "2517"]
[TimeControl "180+1"]
[EndTime "10:50:23 PDT"]
[Termination "mbachez won by checkmate"]

1. e4 e6 2. d4 d5 3. Nd2 h6 4.
Ngf3 Nf6 5. e5 Nfd7 6. c3 c5 7. Bd3 Nc6 8. O-O g5 9. dxc5 Nxc5 10. Bc2 Nd7 11. c4 Ndxe5 12. Nxe5 Nxe5 13. Ba4+ Bd7 14. cxd5 Bxa4 15. Qxa4+ Qd7 16. Qxd7+ Kxd7 17. dxe6+ fxe6 18. Ne4 b6 19. Bd2 Bg7 20. Bc3 Rad8 21. Rac1 Rhg8 22. Rfd1+ Ke7 23. Bb4+ Kf7 24. Rc7+ Kg6 25. Rxd8 Rxd8 26. g3 g4 27. Kg2 Rd4 28. Bc3 Rxe4 29. Rxa7 Bf6 30.
Rb7 Nf3 31. h3 h5 32. hxg4 hxg4 33. Bxf6 Kxf6 34. Rh7 Re1 35. Rh6+ Ke5 36. Rh1 Rxh1 37. Kxh1 Kd4 38. b4 Kc4 39. a4 Kxb4 40. a5 bxa5 41.
Kg2 a4 42. Kf1 a3 43. Ke2 a2 44. Ke3 a1=Q 45. Kf4 Qd4# 0-1

[Event "*** Titled Tuesday Blitz"]
[Site "Chess.com"]
[Date "2020.04.14"]
[Round "5"]
[White "kircsaj"]
[Black "manitodeplomo"]
[Result "0-1"]
[WhiteElo "2310"]
[BlackElo "2491"]
[TimeControl "180+1"]
[EndTime "10:50:23 PDT"]
[Termination "manitodeplomo won by checkmate"]

1. e4 c5 2. Nf3 e6 3. d4 cxd4 4. Nxd4 a6 5. Nc3 b5 6. Bd3 Bb7 7. O-O b4 8. Nce2 Nf6 9. e5 Ng4 10.
Bf4 g5 11. Bg3 h5 12. h3 h4 13. hxg4 hxg3 14. Nxg3 Bg7 15. Nf3 Bxf3 16. Qxf3 Nc6 17. Nh5 Bxe5 18. Rae1 d5 19. Rxe5 Nxe5 20. Qe2 Nxd3 21.
cxd3 Qc7 22. Nf6+ Kf8 23. g3 Kg7 24. Nh5+ Kg6 25. d4 Rhe8 26. Qd3+ f5 27. Re1 Qd7 28. Re5 Rac8 29. Qe2 a5 30. Kg2 a4 31. f4 b3 32.
axb3 axb3 33. gxf5+ exf5 34. Qa6+ Rc6 35. Qd3 Rc2+ 36.
Kh3 g4+ 37. Kh4 Qd8+ 38. Nf6 Qxf6# 0-1

[Event "*** Titled Tuesday Blitz"]
[Site "Chess.com"]
[Date "2020.04.14"]
[Round "5"]
[White "ambaixador"]
[Black "hazy13"]
[Result "1-0"]
[WhiteElo "2371"]
[BlackElo "2198"]
[TimeControl "180+1"]
[EndTime "10:50:23 PDT"]
[Termination "ambaixador won by resignation"]

1. Nf3 c5 2. c4 g6 3. g3 Bg7 4. Bg2 Nc6 5. O-O e6 6. Nc3 Nge7 7. d3 d5 8. cxd5 exd5 9. Rb1 O-O 10.
a3 h6 11. Bd2 a5 12. Nb5 Bd7 13. Bf4 Nf5 14. Nc7 Ncd4 15. Nxd4 Nxd4 16. Nxa8 Bc6 17.
Nc7 g5 18. Nxd5 Bxd5 19. Bxd5 Qxd5 20. Be3 Re8 21. b4 cxb4 22. axb4 Nf5 23. Bd2 Nd4 24. Be3 Nf5 25. Bb6 h5 26. e4 Qc6 27. bxa5 Nd4 28. Qxh5 Re6 29. Bxd4 Bxd4 30. Qxg5+ Rg6 31. Qd8+ Kh7 32. Qxd4 1-0

[Event "*** Titled Tuesday Blitz"]
[Site "Chess.com"]
[Date "2020.04.14"]
[Round "5"]
[White "Spriteball"]
[Black "ReyesBraulio"]
[Result "1-0"]
[WhiteElo "1915"]
[BlackElo "2160"]
[TimeControl "180+1"]
[EndTime "10:50:23 PDT"]
[Termination "Spriteball won by checkmate"]

1. d4 d5 2. c4 e6 3. Nc3 f5 4.
Nf3 c6 5. Bf4 Nf6 6. e3 Bd6 7.
Bd3 O-O 8. O-O Ne4 9. Ne2 Qe7 10. cxd5 exd5 11. Rc1 Bd7 12. h3 Be8 13. Bxd6 Qxd6 14.
Ne5 Nd7 15. Nxd7 Qxd7 16. Nc3 Qe7 17. a3 g5 18. b4 a6 19. Nxe4 fxe4 20. Be2 Bg6 21.
Bh5 Qf7 22. Bxg6 Qxg6 23. a4 h5 24. b5 axb5 25. axb5 g4 26. h4 Ra2 27. Qb3 Re2 28. Qd1 Rb2 29. bxc6 bxc6 30. Rc2 Rb7 31. g3 Rbf7 32.
Qc1 Rf6 33. Qa3 Qf7 34. Qa2 Rf3 35. Kg2 Rxg3+ 36. Kxg3 Qf3+ 37. Kh2 g3+ 38. fxg3 Qxf1 39. Rg2 Qc1 40. Qe2 Rf1 41. g4 Rh1+ 42. Kg3 hxg4 43. Qxg4+ Kh8 44. Qh5+ Kg8 45. Kf4+ Kf8 46. Qh6+ Ke8 47.
Rg8+ Kf7 48. Rg7+ Kf8 49. Qh8# 1-0

[Event "*** Titled Tuesday Blitz"]
[Site "Chess.com"]
[Date "2020.04.14"]
[Round "5"]
[White "sebsep"]
[Black "starworld123"]
[Result "1-0"]
[WhiteElo "2385"]
[BlackElo "2583"]
[TimeControl "180+1"]
[EndTime "10:50:24 PDT"]
[Termination "sebsep won by resignation"]

1. e4 c6 2. c4 d5 3. cxd5 cxd5 4. exd5 Nf6 5. Nc3 Nxd5 6. Nf3 Nc6 7. Bb5 e6 8. O-O Be7 9. d4 O-O 10. Re1 Bf6 11. Ne4 Bd7 12. Nxf6+ Nxf6 13. Bg5 Ne7 14.
Bd3 Ng6 15. Ne5 Rc8 16. h4 h6 17. Bxf6 gxf6 18. Nxg6 fxg6 19. Qg4 Rf7 20. Bxg6 Rg7 21. h5 e5 22. Qh4 exd4 23. Qxd4 Bc6 24. Qg4 Rcc7 25.
Rad1 Rcd7 26. Rxd7 Qxd7 27. Qc4+ Kh8 28. Qf4 Qd8 29.
Qxh6+ Kg8 30. Qf4 Qd5 31. Qb8+ 1-0

[Event "*** Titled Tuesday Blitz"]
[Site "Chess.com"]
[Date "2020.04.14"]
[Round "5"]
[White "Harry_Rakkel"]
[Black "1stSecond"]
[Result "0-1"]
[WhiteElo "2529"]
[BlackElo "2710"]
[TimeControl "180+1"]
[EndTime "10:50:25 PDT"]
[Termination "1stSecond won by resignation"]

1. d4 Nf6 2. c4 e6 3. Nc3 Bb4 4. Nf3 O-O 5. Bg5 h6 6. Bh4 c5 7. Rc1 Nc6 8. dxc5 g5 9. Bg3 Ne4 10.
e3 f5 11. Bd6 Nxd6 12. cxd6 Qf6 13. a3 Bxc3+ 14. Rxc3 b6 15. Nd4 Bb7 16. Nb5 f4 17. Qc2 a6 18. Nc7 Rac8 19. h4 g4 20. exf4 Nd4 21.
Qd3 Kg7 22. Qe3 Qxf4 23. Rg1 Qxd6 24. Rd3 Nc2+ 25. Kd2 Nxe3 26. Rxd6 Nxf1+ 27. Rxf1 Rxc7 28. Rxb6 Bxg2 29. Rg1 Rxf2+ 30. Ke1 Rc2 31. b3 Bf3 32. Rxa6 Rc5 33. Rd6 Re5+ 34. Kf1 Ree2 35. Rxd7+ Kf6 0-1

[Event "*** Titled Tuesday Blitz"]
[Site "Chess.com"]
[Date "2020.04.14"]
[Round "5"]
[White "LastHeroJr"]
[Black "NormWeinstein"]
[Result "1-0"]
[WhiteElo "2538"]
[BlackElo "2357"]
[TimeControl "180+1"]
[EndTime "10:50:25 PDT"]
[Termination "LastHeroJr won on time"]

1. e4 c6 2. d4 d6 3. Nc3 Nf6 4. f4 Qa5 5. Bd3 e5 6. Nf3 Bg4 7. Be3 Nbd7 8. O-O Be7 9. h3 Bxf3 10. Qxf3 O-O 11. Ne2 Rae8 12. c3 Bd8 13. g4 g6 14.
fxe5 dxe5 15. Bh6 Bc7 16. Bc4 exd4 17. cxd4 Re7 18. Bxf8 Kxf8 19. e5 Nd5 20. Nf4 N7b6 21. Bb3 Nxf4 22. Qxf4 Nd5 23. Qf3 Bb6 24. Rad1 Kg8 25.
Kh1 Qb4 26. e6 f6 27. Bxd5 cxd5 28. Qxf6 1-0

[Event "*** Titled Tuesday Blitz"]
[Site "Chess.com"]
[Date "2020.04.14"]
[Round "5"]
[White "BogdanDeac"]
[Black "Salem-AR"]
[Result "0-1"]
[WhiteElo "2734"]
[BlackElo "2907"]
[TimeControl "180+1"]
[EndTime "10:50:26 PDT"]
[Termination "Salem-AR won on time"]

1. Nf3 Nf6 2. c4 c5 3. Nc3 d5 4. cxd5 Nxd5 5. e3 e6 6. Bc4 Nc6 7. O-O Be7 8. Qe2 O-O 9. Rd1 b6 10. d4 Nxc3 11. bxc3 Qc7 12. e4 Rd8 13. d5 Na5 14. Bd3 c4 15. Bc2 e5 16. Nd2 Bd7 17.
a4 Rac8 18. Ba3 Bxa3 19. Rxa3 Nb7 20. Rb1 Nd6 21. Qe3 Rb8 22. Bd1 a5 23. Be2 h6 24. f3 b5 25. axb5 Nxb5 26. Ra2 Nd6 27. Rba1 a4 28. Bd1 Rb3 29. Bxb3 cxb3 30. Rxa4 b2 31.
R4a2 bxa1=Q+ 32. Rxa1 Rc8 33. Ra7 Qd8 34. h3 Nb5 35.
Rb7 Rxc3 36. Qe1 Qc8 0-1

[Event "*** Titled Tuesday Blitz"]
[Site "Chess.com"]
[Date "2020.04.14"]
[Round "5"]
[White "vladislavkovalev"]
[Black "Chessialist"]
[Result "1-0"]
[WhiteElo "2882"]
[BlackElo "2642"]
[TimeControl "180+1"]
[EndTime "10:50:26 PDT"]
[Termination "vladislavkovalev won by checkmate"]

1. e4 c5 2. Be2 e6 3. d3 g6 4. f4 Bg7 5. Nf3 Ne7 6. c3 Nbc6 7. Be3 b6 8. d4 cxd4 9. cxd4 d5 10. e5 h5 11. Nc3 Nf5 12. Bf2 Bd7 13. O-O O-O 14. g3 Rc8 15. h3 Na5 16. Rc1 Nc4 17. Qb3 b5 18. g4 hxg4 19. hxg4 Nfe3 20. Ng5 Nxf1 21. Rxf1 Nd2 22. Qd1 Nxf1 23. Qxf1 f6 24. exf6 Bxf6 25. Nf3 b4 26. Nd1 Rc1 27. Be3 Ra1 28.
Bd3 Be8 29. Kg2 Qc7 30. Qe2 Rxa2 31. Bd2 a5 32. Qxe6+ Qf7 33. Qb6 Ba4 34. Qxa5 Bd8 35.
Qa6 Bb3 36. Qc6 Bxd1 37. Bxg6 Bxf3+ 38. Kxf3 Qa7 39. Qxd5+ Kg7 40. Be4 Ra5 41. Qe6 Qe7 42. Qg6+ Kh8 43. Bxb4 Qxb4 44. Qh7# 1-0

[Event "*** Titled Tuesday Blitz"]
[Site "Chess.com"]
[Date "2020.04.14"]
[Round "5"]
[White "garicradomir"]
[Black "Semen_Khanin"]
[Result "1-0"]
[WhiteElo "2414"]
[BlackElo "2601"]
[TimeControl "180+1"]
[EndTime "10:50:26 PDT"]
[Termination "garicradomir won by resignation"]

1. e4 e5 2. Nf3 Nc6 3. Nc3 Nf6 4. Bb5 Nd4 5. O-O Nxb5 6. Nxb5 d6 7. d4 exd4 8. Qxd4 a6 9. Nc3 Be7 10. b3 Bg4 11. Bb2 Bxf3 12. gxf3 Qd7 13. Kh1 Qh3 14. Qe3 h6 15. Rg1 Rg8 16. Rg3 Qe6 17. Rd1 O-O-O 18. Qa7 Nh5 19. Qa8+ Kd7 20. Qxb7 Nxg3+ 21.
hxg3 Qf6 22. Kg2 Rb8 23. Qxa6 Rgc8 24. Na4 Qg5 25. Rd5 Qg6 26. Nc5+ Ke8 27. Qc6+ Kf8 28. Nd7+ Kg8 29. Nxb8 Rxb8 30. Qxc7 Re8 31. Qd7 f6 32. Qe6+ Kh7 33. Qf5 Qxf5 34. exf5 Bf8 35. Bc3 Rc8 36. Rd3 h5 37. a4 Rc5 38. g4 Be7 39. a5 Bd8 40. b4 Rc8 41. b5 Rc5 42.
Rxd6 Bc7 43. Rc6 1-0

[Event "*** Titled Tuesday Blitz"]
[Site "Chess.com"]
[Date "2020.04.14"]
[Round "5"]
[White "Talcrifice"]
[Black "Nafania1"]
[Result "1-0"]
[WhiteElo "2551"]
[BlackElo "2368"]
[TimeControl "180+1"]
[EndTime "10:50:26 PDT"]
[Termination "Talcrifice won by resignation"]

1. d4 Nf6 2. c4 e6 3. g3 d5 4. Nf3 Bb4+ 5. Bd2 a5 6. Bg2 O-O 7. O-O Be7 8. Qc2 c6 9. Bf4 Ne4 10. Nc3 g5 11. Be3 f5 12. Nxe4 dxe4 13. Ne5 Nd7 14. f4 exf3 15. Nxf3 Bf6 16. Rad1 Qe7 17.
Qd2 h6 18. Bf2 e5 19. dxe5 Nxe5 20. Nxe5 Bxe5 21. Bd4 Bxd4+ 22. Qxd4 Be6 23. b3 a4 24. e4 f4 25. gxf4 gxf4 26. e5 Qg5 27. Kh1 Rad8 28. Qe4 Rxd1 29. Rxd1 Bg4 30. Rf1 Re8 31. Qxf4 Qxf4 32. Rxf4 Bd1 33. b4 Rxe5 34. h3 Re1+ 35. Kh2 Re2 36. Rd4 Bc2 37. Kg3 a3 38. Bf3 Re3 39.
Kf4 Rc3 40. b5 cxb5 41. cxb5 Bb1 42. Rd2 b6 43. Bd5+ Kg7 44. Ke5 Bd3 45. Kd4 Rc2 46. Rxd3 Rc5 47. Bc4 1-0

[Event "*** Titled Tuesday Blitz"]
[Site "Chess.com"]
[Date "2020.04.14"]
[Round "5"]
[White "Trankuilizer"]
[Black "BasilSmash"]
[Result "0-1"]
[WhiteElo "2617"]
[BlackElo "2391"]
[TimeControl "180+1"]
[EndTime "10:50:27 PDT"]
[Termination "BasilSmash won by resignation"]

1. e4 c6 2. d4 d5 3. e5 Bf5 4. h4 h5 5. Bd3 Bxd3 6. Qxd3 Qa5+ 7.
Nc3 e6 8. Ne2 Ne7 9. Bg5 Nf5 10.
Ng3 Nxg3 11. Qxg3 c5 12. O-O cxd4 13. Ne2 Nc6 14. Rfd1 Qb6 15. Rab1 Rc8 16. a3 a5 17.
b3 Bxa3 18. Nf4 Qc7 19. Nd3 b6 20. f4 g6 21. Bf6 Rg8 22. f5 Be7 23. Qg5 Bxf6 24.
exf6 exf5 25. Re1+ Kd7 26. b4 Rge8 27. b5 Nb4 28.
Nxb4 axb4 29. Re7+ Rxe7 30. fxe7 Qe5 31. Kh1 Qxe7 32.
Qf4 Qe3 33. Qf1 Rxc2 34. Ra1 Kd6 35. Qb1 b3 36. Qf1 0-1

[Event "*** Titled Tuesday Blitz"]
[Site "Chess.com"]
[Date "2020.04.14"]
[Round "5"]
[White "dennisodessa"]
[Black "TomasKapitanchuk"]
[Result "0-1"]
[WhiteElo "2317"]
[BlackElo "2495"]
[TimeControl "180+1"]
[EndTime "10:50:27 PDT"]
[Termination "TomasKapitanchuk won by resignation"]

1. d4 Nf6 2. c4 c5 3. d5 e6 4.
Nc3 exd5 5. cxd5 d6 6. e4 g6 7. Bd3 Bg7 8. h3 a6 9. a4 Nh5 10. Nf3 Nd7 11. Be2 O-O 12. O-O Re8 13. Be3 Nhf6 14. Nd2 c4 15. Bxc4 Nc5 16. Qc2 a5 17. Bf4 Nh5 18. Bh2 Be5 19. Bxe5 dxe5 20. Bb5 Nf4 21.
Bxe8 Qg5 22. g3 Nxh3+ 23. Kh2 Qh5 24. Nd1 Nf4+ 25. Kg1 Ne2+ 26. Kg2 Bh3+ 0-1

[Event "*** Titled Tuesday Blitz"]
[Site "Chess.com"]
[Date "2020.04.14"]
[Round "5"]
[White "martinbitel"]
[Black "MarcoCorvi"]
[Result "1-0"]
[WhiteElo "2612"]
[BlackElo "2139"]
[TimeControl "180+1"]
[EndTime "10:50:27 PDT"]
[Termination "martinbitel won by checkmate"]

1. d4 Nf6 2. c4 g6 3. Nc3 Bg7 4.
e4 d6 5. Nf3 O-O 6. Be2 c5 7.
d5 e6 8. Nd2 Na6 9. O-O Nc7 10.
Re1 Rb8 11. dxe6 Bxe6 12. Nf1 a6 13. Bf4 Nfe8 14. a4 f5 15. exf5 Bxf5 16. Bg3 Ne6 17. Ne3 Nd4 18. Nxf5 gxf5 19. Bf4 Nf6 20. Bf3 Qd7 21.
Qd3 Rbe8 22. Nd5 Nxd5 23. Bxd5+ Kh8 24. a5 Be5 25. Bh6 Bg7 26. Bxg7+ Qxg7 27. b4 Re5 28. bxc5 dxc5 29. Rxe5 Qxe5 30. Rb1 Re8 31. g3 Ne2+ 32.
Kf1 Nc3 33. Rxb7 Qe1+ 34. Kg2 Nd1 35. Qxf5 Qe5 36. Qxh7# 1-0

[Event "*** Titled Tuesday Blitz"]
[Site "Chess.com"]
[Date "2020.04.14"]
[Round "5"]
[White "2L8IWUN"]
[Black "florianschwabeneder"]
[Result "1-0"]
[WhiteElo "2351"]
[BlackElo "2512"]
[TimeControl "180+1"]
[EndTime "10:50:28 PDT"]
[Termination "2L8IWUN won by resignation"]

1. d4 Nf6 2. Nf3 d5 3. Bf4 c5 4.
e3 e6 5. Nbd2 Bd6 6. Bg3 O-O 7.
c3 Qc7 8. Bxd6 Qxd6 9. Bd3 Nc6 10. O-O e5 11. dxe5 Nxe5 12. Nxe5 Qxe5 13. Nf3 Qe7 14.
Re1 Bd7 15. c4 Bc6 16. cxd5 Nxd5 17. a3 Rad8 18. Qc2 g6 19. Rad1 Rc8 20. e4 Nf4 21. Bc4 Rfd8 22. g3 Ne6 23. Bxe6 fxe6 24. Rxd8+ Rxd8 25. Ne5 Be8 26. Rd1 b6 27. Rxd8 Qxd8 28. Qd3 Qxd3 29.
Nxd3 Bc6 30. e5 g5 31. f4 h6 32. Kf2 Be4 33. Ke3 Bxd3 34. Kxd3 gxf4 35. gxf4 Kf7 36.
Kc4 Kg6 37. Kb5 Kf5 38. a4 Kxf4 39. Ka6 Kxe5 40. Kxa7 Kd6 41. Kxb6 e5 42. a5 e4 43.
a6 e3 44. a7 e2 45. a8=Q e1=Q 46. Qd8+ 1-0

[Event "*** Titled Tuesday Blitz"]
[Site "Chess.com"]
[Date "2020.04.14"]
[Round "5"]
[White "Kirill_Klukin"]
[Black "MrChessSponge"]
[Result "1-0"]
[WhiteElo "2702"]
[BlackElo "2400"]
[TimeControl "180+1"]
[EndTime "10:50:28 PDT"]
[Termination "Kirill_Klukin won by resignation"]

1. d4 Nf6 2. Nf3 d5 3. c4 e6 4.
Nc3 c6 5. e3 Nbd7 6. Qc2 Bd6 7.
Bd3 dxc4 8. Bxc4 b5 9. Be2 Bb7 10. O-O Rc8 11. Rd1 a6 12. e4 Be7 13. a3 O-O 14. Bf4 Qb6 15. Rac1 Rfe8 16. h3 c5 17. d5 exd5 18. exd5 Bd6 19. Be3 Qd8 20. Bg5 Ne5 21. Qf5 Qd7 22. Nh4 Qxf5 23. Nxf5 Bf8 24.
Bxf6 gxf6 25. f4 Nd7 26. Bf3 Nb6 27. Ne4 Bg7 28. Ned6 Rb8 29. Nxe8 Rxe8 30. Rxc5 Nc4 31. Rc7 Ba8 32. d6 1-0

[Event "*** Titled Tuesday Blitz"]
[Site "Chess.com"]
[Date "2020.04.14"]
[Round "5"]
[White "medalja"]
[Black "HashtagChess"]
[Result "1-0"]
[WhiteElo "2421"]
[BlackElo "1640"]
[TimeControl "180+1"]
[EndTime "10:50:28 PDT"]
[Termination "medalja won by resignation"]

1. d4 d5 2. c4 c6 3. Nf3 Nf6 4. e3 e6 5. Bd3 dxc4 6. Bxc4 b5 7.
Bb3 a6 8. O-O Bb7 9. a4 b4 10.
Nbd2 a5 11. Bc2 c5 12. b3 Nbd7 13. Bb2 Rc8 14. e4 cxd4 15. Nxd4 Bc5 16. Re1 O-O 17. e5 Nd5 18. Ne4 Be7 19. Qh5 Nf4 20. Qg4 Ng6 21.
Nd6 Bxd6 22. exd6 Nf6 23. Qg3 Qd7 24. Bd3 Rfd8 25. Nb5 Bc6 26. Rad1 Bxb5 27. Bxb5 Qb7 28. h4 Rc2 29. Bxf6 gxf6 30. h5 Kg7 31. hxg6 hxg6 32. d7 Qb6 33. Re3 Rb2 34. Qf4 g5 35. Qe4 f5 36.
Qe5+ Kg6 37. Qxb2 1-0

[Event "*** Titled Tuesday Blitz"]
[Site "Chess.com"]
[Date "2020.04.14"]
[Round "5"]
[White "FM_Deuteronomio32"]
[Black "GM-2023"]
[Result "1-0"]
[WhiteElo "2232"]
[BlackElo "2068"]
[TimeControl "180+1"]
[EndTime "10:50:28 PDT"]
[Termination "FM_Deuteronomio32 won on time"]

1. e4 e5 2. Nf3 Nc6 3. Bb5 Nf6 4.
O-O Nxe4 5. d4 Nd6 6. Bxc6 dxc6 7. dxe5 Nf5 8. Qxd8+ Kxd8 9. h3 Be7 10. Nc3 Be6 11. g4 Nh4 12. Nxh4 Bxh4 13. f4 h5 14. f5 Bc4 15. Rd1+ Ke7 16. Kg2 hxg4 17. hxg4 g6 18. Bf4 gxf5 19. gxf5 Rag8+ 20. Kf3 Bg5 21. Rh1 Bxf4 22.
Kxf4 Rxh1 23. Rxh1 Rg2 24. Ne4 Rxc2 25. f6+ Ke6 26. Ng5+ Kd7 27. Rd1+ Ke8 28. b3 Bd5 29. Rd3 Rf2+ 30. Kg4 Rg2+ 31. Kf4 Rf2+ 32. Kg4 Rxa2 33. Rh3 Rg2+ 34. Kf4 Rf2+ 35. Kg4 Rg2+ 36. Kf4 Rf2+ 37.
Ke3 Rb2 38. Kd4 Rxb3 39. Rh8+ Kd7 40. Rh7 Rb4+ 41. Ke3 Rg4 42. Nxf7 Bxf7 43. Rxf7+ Ke8 44. Rxc7 Rb4 45. e6 Kd8 46. Rh7 1-0

[Event "*** Titled Tuesday Blitz"]
[Site "Chess.com"]
[Date "2020.04.14"]
[Round "5"]
[White "ahachess"]
[Black "Fighter008"]
[Result "0-1"]
[WhiteElo "2326"]
[BlackElo "2522"]
[TimeControl "180+1"]
[EndTime "10:50:29 PDT"]
[Termination "Fighter008 won on time"]

1. d4 Nf6 2. c4 g6 3. Nc3 Bg7 4. e4 d6 5. f3 O-O 6. Bg5 c5 7. Nge2 Nc6 8. d5 Ne5 9. Ng3 h5 10. Be2 Nh7 11. Be3 h4 12. Nf1 e6 13.
Qd2 exd5 14. cxd5 a6 15. a4 f5 16. Bh6 Qf6 17. Bxg7 Qxg7 18. Ne3 Rb8 19. O-O f4 20. Nc4 Qe7 21. Rfb1 h3 22. Bf1 hxg2 23. Qxg2 g5 24. Be2 Kh8 25. b4 cxb4 26. Rxb4 g4 27. Nxe5 Qxe5 28. Rc1 Ng5 29. a5 gxf3 30. Bxf3 Bh3 31.
Qf2 Rbc8 32. Qh4+ Kg7 33. Kf2 Nxf3 34. Qxh3 Ng5 35. Rxb7+ Kg6 0-1

[Event "*** Titled Tuesday Blitz"]
[Site "Chess.com"]
[Date "2020.04.14"]
[Round "5"]
[White "LileKoridze"]
[Black "cukin84"]
[Result "1-0"]
[WhiteElo "2273"]
[BlackElo "2097"]
[TimeControl "180+1"]
[EndTime "10:50:29 PDT"]
[Termination "LileKoridze won by resignation"]

1. d4 f5 2. c4 Nf6 3. g3 g6 4. Bg2 Bg7 5. Nh3 O-O 6. O-O d6 7. Nc3 Nc6 8. d5 Ne5 9. b3 c6 10. Nf4 g5 11. Ne6 Bxe6 12. dxe6 h6 13. Bb2 Qc8 14. e4 Qxe6 15. exf5 Qxf5 16. Qe2 Nd3 17.
Ba3 Rf7 18. Rad1 Ne5 19. Kh1 Raf8 20. f4 Neg4 21. Ne4 Nxe4 22. Bxe4 Qd7 23. Bg6 Rf6 24.
Bh5 Nxh2 25. Qxh2 gxf4 26. gxf4 Qf5 27. Bb2 Re6 28. Rg1 Qe4+ 29. Qg2 Qxg2+ 30. Rxg2 Rxf4 31. Rxg7+ Kf8 32. Rg4 Rf2 33. Bg7+ Kg8 34. Bd4+ 1-0

[Event "*** Titled Tuesday Blitz"]
[Site "Chess.com"]
[Date "2020.04.14"]
[Round "5"]
[White "SmirnovTimofey2000"]
[Black "tigra"]
[Result "0-1"]
[WhiteElo "2561"]
[BlackElo "2819"]
[TimeControl "180+1"]
[EndTime "10:50:30 PDT"]
[Termination "tigra won by resignation"]

1. e4 c5 2. Nf3 e6 3. d4 cxd4 4.
Nxd4 Nf6 5. Nc3 d6 6. g4 h6 7. h4 Nc6 8. Rg1 h5 9. gxh5 Nxh5 10. Bg5 Nf6 11. Qd2 a6 12. Be2 Qb6 13. O-O-O Nxd4 14. Qxd4 Qxd4 15. Rxd4 Bd7 16. Rgd1 Bc6 17. f4 Nh7 18. f5 Nxg5 19. hxg5 g6 20. Bg4 Rh4 21. Rg1 gxf5 22. Bf3 Bg7 23. Rc4 d5 24. exd5 Rxc4 25. dxc6 bxc6 26. Ne2 Ke7 27. b3 Rh4 28. Bxc6 Rd8 29. a4 Rh2 30.
Re1 Be5 31. Kb1 Rxe2 0-1